Cogmind - Beta 12 @@@ ROGUE MODE // 2023.03.17 @ 14:35:40 Player: ZLD1 Result: Destroyed by L-31 Rogue with Katana Performance ------------- Evolutions (2) 1000 Regions Visited (3) 600 Robots Destroyed (28) 140 Value Destroyed (707) 707 Prototype IDs (2) 40 Alien Tech Used (0) 0 Bonus (15) 15 TOTAL SCORE: 2502 Bonus ------- High Alert Combat Kills 15 Cogmind --------- Core Integrity 0/550 Matter 195/300 Energy 13/100 System Corruption 0% Temperature Cool (0) Movement Core (100) Ox1 Location -8/Materials Parts ------- > --- POWER (2) -------- (None) > --- PROPULSION (5) --- (None) > --- UTILITY (2) ------ (None) > --- WEAPON (2) ------- Great Maul Scythe > --- INVENTORY (5) ---- Flight Unit Gauss Cannon Scythe Peak State ------------ > --- POWER ------------ Light Nuclear Core > --- PROPULSION ------- Flight Unit Flight Unit Flight Unit Improved Flight Unit Improved Flight Unit > --- UTILITY ---------- Small Storage Unit Hacking Suite > --- WEAPON ----------- Scythe Scythe > --- INVENTORY -------- Ion Engine Flight Unit Heat Sink Ion Cannon Assault Cannon Gauss Cannon Gauss Cannon Great Maul [Rating: 24] Favorites ----------- Power Ion Engine Engine Ion Engine Power Core Light Nuclear Core Propulsion Aluminum Leg Leg Aluminum Leg Flight Unit Improved Flight Unit Utility Small Storage Unit Storage Small Storage Unit Hackware Hacking Suite Weapon Small Laser Energy Gun Small Laser Energy Cannon Ion Cannon Ballistic Gun Assault Rifle Ballistic Cannon Improved Light Cannon Impact Weapon Great Maul Slashing Weapon Scythe Build | -11 -10 -9 -8 ------- Run | Jun Mat Mat Mat Slots Evolved 4 | . . 2 2 Power 1 | . . . 1 Propulsion 3 | . . 2 1 Utility . | . . . . Weapon . | . . . . Parts Attached 40 | 5 6 12 17 Power 7 | 1 . 2 4 Engine 6 | 1 . 2 3 Core 1 | . . . 1 Reactor . | . . . . Propulsion 14 | 2 2 6 4 Treads . | . . . . Leg 7 | 2 2 2 1 Wheel . | . . . . Hover . | . . . . Flight 7 | . . 4 3 Utility 2 | . 1 . 1 Device . | . . . . Storage 1 | . 1 . . Processor . | . . . . Hackware 1 | . . . 1 Protection . | . . . . Artifact . | . . . . Weapon 17 | 2 3 4 8 Energy Gun 5 | 2 2 1 . Energy Cannon 3 | . . 2 1 Ballistic Gun 1 | . 1 . . Ballistic Cannon 3 | . . 1 2 Launcher . | . . . . Special Weapon . | . . . . Impact Weapon 1 | . . . 1 Slashing Weapon 4 | . . . 4 Piercing Weapon . | . . . . Special Melee Weapon . | . . . . Unidentified Prototypes 2 | . . 2 . Parts Lost 21 | . 3 3 15 Power 5 | . . 1 4 Propulsion 9 | . 1 2 6 Utility 2 | . . . 2 Weapon 5 | . 2 . 3 Highest Loss Streak 13 | . 3 2 13 To Critical Strikes . | . . . . Average Slot Usage (%) 69 | . 69 79 61 Engine 9 | . 14 11 3 Core 1 | . . . 4 Leg 14 | . 26 13 4 Flight 16 | . . 27 25 Storage 6 | . 1 11 8 Energy Gun 9 | . 22 4 . Ballistic Gun 4 | . 3 8 . Ballistic Cannon 1 | . . 2 1 Slashing Weapon 3 | . . . 12 Naked Turns . | . . . . Heaviest Build 17 | 9 13 16 17 Greatest Support 22 | 20 20 20 22 Greatest Overweight (x) 2 | . . 1 2 Average Overweight (x) . | . . . . Largest Inventory Capacity 8 | 5 8 8 8 Average Capacity 6 | 5 5 8 7 Most Carried 8 | 5 5 7 8 Average Carried 4 | 1 3 5 6 Final Capacity 8 | 5 8 8 5 Final Carried 7 | 1 5 7 3 Class Distribution -------------------- 77% | Mutant 17% | Scavenger-Mutant 4% | Scavenger-Sprinter Dominant Class ---------------- Mutant | -10/Materials Scavenger-Mutant | -9/Materials Mutant | -8/Materials Resources | -11 -10 -9 -8 ----------- Run | Jun Mat Mat Mat Matter Collected 601 | 86 53 382 80 Remotely . | . . . . Salvage Created 778 | . 74 306 398 Parts 41 | . 6 13 22 Haulers Intercepted . | . . . . Recyclers Shooed . | . . . . Parts Field Recycled . | . . . . Retrieved Matter . | . . . . Parts Self-Destructed . | . . . . Prevented . | . . . . Kills | -11 -10 -9 -8 ------- Run | Jun Mat Mat Mat Combat Hostiles Destroyed 27 | . 4 7 16 Melee 7 | . . . 7 Guns 6 | . 4 2 . Cannons 12 | . . 5 7 AOE 2 | . . . 2 Classes Destroyed 4 | . 2 1 1 Recycler 1 | . . . 1 Swarmer 14 | . 3 . 11 Grunt 9 | . 1 4 4 Sentry 4 | . . 3 1 Best Kill Streak 10 | . 3 2 10 Combat Bots Only 9 | . 3 2 9 Max Kills in Single Turn 2 | . 1 1 2 Gunslinging . | . . . . Exploded 2 | . . . 2 Melee 1 | . . . 1 Uniques/NPCs Destroyed . | . . . . Combat | -11 -10 -9 -8 -------- Run | Jun Mat Mat Mat Damage Taken 2241 | . 252 479 1510 Core 707 | . 22 126 559 Absorbed by Shields . | . . . . Core Remaining (%) 86 | 100 91 68 . Volleys Fired 68 | . 14 31 23 Largest 2 | . 2 2 2 Hottest 92 | . 80 80 92 Shots Fired 98 | . 23 49 26 Gun 54 | . 23 31 . Cannon 44 | . . 18 26 Launcher . | . . . . Special . | . . . . Kinetic 55 | . 1 37 17 Thermal 35 | . 14 12 9 Explosive . | . . . . Electromagnetic 8 | . 8 . . Robot Hit Streak 11 | . 11 9 11 Robot Miss Streak 3 | . 3 2 3 Penetration Max 1 | . . . 1 Secondary Targets . | . . . . Shots Hit Robots 83 | . 15 37 31 Core Hits 34 | . 6 11 17 Critical Kills . | . . . . Critical Parts Destroyed . | . . . . Critical Strikes . | . . . . Melee Attacks 24 | . . . 24 Impact . | . . . . Slashing 24 | . . . 24 Piercing . | . . . . Sneak Attacks . | . . . . Combat Hostiles . | . . . . Follow-up Attacks 1 | . . . 1 Damage Inflicted 1996 | . 179 626 1191 Guns 474 | . 179 295 . Cannons 787 | . . 329 458 Explosions 294 | . . . 294 Melee 439 | . . . 439 Ramming 2 | . . 2 . Kinetic 622 | . . 375 247 Thermal 585 | . 125 249 211 Explosive 294 | . . . 294 Electromagnetic 54 | . 54 . . Impact . | . . . . Slashing 439 | . . . 439 Piercing . | . . . . Highest Corruption . | . . . . Average Corruption . | . . . . Corruption Purged . | . . . . Corruption Blocked . | . . . . Overload Shots . | . . . . Overflow Damage 70 | . . . 70 Projectiles 8 | . . . 8 Explosions 28 | . . . 28 Melee 34 | . . . 34 Knockbacks 3 | . . 2 1 Impact . | . . . . Kinetic 3 | . . 2 1 Secondary . | . . . . Self-Inflicted Damage 50 | . . . 50 Shots 1 | . . . 1 Rammed . | . . . . Targets Rammed 1 | . . 1 . Kicked 1 | . . 1 . Crushed . | . . . . Highest Temperature 128 | . 72 128 62 Average Temperature 31 | . 23 47 18 Received Heat Transfer 510 | . 54 204 252 Siege Activations . | . . . . Robots Corrupted . | . . . . Combat Hostiles . | . . . . Parts Fried . | . . . . Impact Corruptions . | . . . . Robots Melted . | . . . . Combat Hostiles . | . . . . Parts Melted 3 | . . 3 . Heat Transferred 1052 | . 275 444 333 Parts Sabotaged . | . . . . Parts Stolen . | . . . . Parts Stripped . | . . . . Power Chain Reactions . | . . . . Missiles Intercepted . | . . . . Alert | -11 -10 -9 -8 ------- Run | Jun Mat Mat Mat Peak Influence 467 | . 145 321 467 Initial 135 | . . 61 135 Average 150 | . 79 150 249 Maximum Alert Level 2 | . . 1 2 Low Security (%) 72 | 100 100 68 43 Level 1 23 | . . 31 45 Level 2 3 | . . . 10 Level 3 . | . . . . Level 4 . | . . . . Level 5 . | . . . . High Security . | . . . . Max Security . | . . . . Squads Dispatched 6 | . 2 2 2 Investigation . | . . . . Extermination . | . . . . Reinforcement 5 | . 2 2 1 Assault 1 | . . . 1 Garrison . | . . . . Intercept . | . . . . Searches Triggered . | . . . . Construction Impeded . | . . . . Haulers Reinforced . | . . . . Active Scanning Responses . | . . . . Cargo Convoy Interrupts . | . . . . Stealth | -11 -10 -9 -8 --------- Run | Jun Mat Mat Mat Distress Signals 3 | . 3 . . Communications Jammed . | . . . . Distress Signals . | . . . . Times Spotted 50 | . 14 11 25 Peak Tracking Total 8 | . 6 4 8 Tactical Retreats 3 | . 1 . 2 Traps | -11 -10 -9 -8 ------- Run | Jun Mat Mat Mat Traps Triggered 1 | . 1 . . Indirectly . | . . . . Trap Hack Attempts . | . . . . Triggered . | . . . . Disarmed . | . . . . Reprogrammed . | . . . . Reused . | . . . . Traps Extracted . | . . . . Installed . | . . . . Triggered . | . . . . Machines | -11 -10 -9 -8 ---------- Run | Jun Mat Mat Mat Machines Disabled 1 | . . . 1 Max in Single Turn 1 | . . . 1 Garrison Access 1 | . . . 1 Machines Repaired . | . . . . Machines Sabotaged . | . . . . Overloaded Fab Kills . | . . . . Hacking | -11 -10 -9 -8 --------- Run | Jun Mat Mat Mat Machines Accessed 5 | . 2 3 . Terminals 5 | . 2 3 . Fabricators . | . . . . Repair Stations . | . . . . Recycling Units . | . . . . Scanalyzers . | . . . . Garrison Access . | . . . . Total Hacks 22 | . 6 16 . Successful 13 | . 4 9 . Failed 9 | . 2 7 . Catastrophic 1 | . . 1 . Database Lockouts . | . . . . Manual . | . . . . Terminals 22 | . 6 16 . Fabricators . | . . . . Repair Stations . | . . . . Recycling Units . | . . . . Scanalyzers . | . . . . Garrison Access . | . . . . Terminal Hacks 13 | . 4 9 . Record 6 | . . 6 . Emergency Access Points 2 | . 2 . . Alert Level 1 | . . 1 . Transport Status 1 | . . 1 . Zone Layout 3 | . 2 1 . Fabricator Hacks . | . . . . Repair Station Hacks . | . . . . Recycling Unit Hacks . | . . . . Scanalyzer . | . . . . Garrison Access Hacks . | . . . . Unauthorized Hacks . | . . . . Terminals . | . . . . Fabricators . | . . . . Repair Stations . | . . . . Recycling Units . | . . . . Scanalyzers . | . . . . Garrison Access . | . . . . Data Cores Recovered . | . . . . Used . | . . . . Hacking Detections 4 | . 1 3 . Full Trace Events 1 | . . 1 . Feedback Events . | . . . . Feedback Blocked . | . . . . Robot Schematics Acquired . | . . . . Robots Built . | . . . . Authchips . | . . . . Time . | . . . . Total Robot Build Rating . | . . . . Part Schematics Acquired . | . . . . Parts Built . | . . . . Authchips . | . . . . Time . | . . . . Total Part Build Rating . | . . . . Parts Repaired . | . . . . Time . | . . . . Parts Recycled . | . . . . Recycled Matter . | . . . . Retrieved Matter . | . . . . Retrieved Components . | . . . . Parts Scanalyzed . | . . . . Part Schematics Acquired . | . . . . Parts Damaged . | . . . . Bothacking | -11 -10 -9 -8 ------------ Run | Jun Mat Mat Mat Used RIF Installer . | . . . . Robots Hacked . | . . . . Non-combat . | . . . . Combat . | . . . . Robot Hacks Applied . | . . . . Relay Couplers Released 1 | . . . 1 Machine Destruction 1 | . . . 1 Fabnet Peak Effective % . | . . . . Robots Rewired . | . . . . Allies Hacked . | . . . . Hacks Repelled . | . . . . Allies | -11 -10 -9 -8 -------- Run | Jun Mat Mat Mat Total Allies . | . . . . Largest Group . | . . . . Highest-Rated Group . | . . . . Highest-Rated Ally . | . . . . Total Orders . | . . . . Ally Attacks . | . . . . Total Damage . | . . . . Kills . | . . . . Allies Corrupted . | . . . . Allies Melted . | . . . . Intel | -11 -10 -9 -8 ------- Run | Jun Mat Mat Mat Robot Analysis Total . | . . . . Derelict Logs Recovered . | . . . . Drone Launches . | . . . . Drone Recoveries . | . . . . Exploration | -11 -10 -9 -8 ------------- Run | Jun Mat Mat Mat Turns Passed 873 | 36 294 271 272 Spaces Moved 737 | 29 193 247 268 Core 18 | 13 . . 5 Treads . | . . . . Legs 261 | 16 193 52 . Wheels . | . . . . Hover . | . . . . Flight 458 | . . 195 263 Fastest Speed 28 | 50 120 44 28 Average Speed 70 | 88 120 64 38 Slowest Speed 150 | 120 120 120 150 Overloaded Moves . | . . . . Propulsion Burnouts . | . . . . Robots Hopped 1 | . . . 1 Cave-ins Triggered . | . . . . Exploration Rate (%) 20 | 4 36 25 17 Regions Visited 3 Branch Regions . Pre-discovered Areas . | . . . . Known Exits Taken . | . . . . Unknown Exits Taken 3 | 1 1 1 . Scrap Searched . | . . . . Spaces Dug . | . . . . Terrain Destroyed 26 | . . . 26 Melee . | . . . . Projectile 4 | . . . 4 AOE 22 | . . . 22 Terrain Rammed . | . . . . Walls Destroyed . | . . . . Machines Disabled . | . . . . Actions | -11 -10 -9 -8 --------- Run | Jun Mat Mat Mat Total 962 | 39 232 312 379 Wait 41 | . 9 4 28 Move 732 | 28 192 246 266 Hop 1 | . . . 1 Pick Up 38 | 6 9 9 14 Fast Attach 4 | . 2 . 2 Attach 33 | 5 4 11 13 Detach 5 | . . 4 1 Swap 3 | . . 1 2 Drop 14 | . 2 5 7 Fire 68 | . 14 31 23 Melee 22 | . . . 22 Ram . | . . . . Kick 1 | . . 1 . Crush . | . . . . Escape Stasis . | . . . . Rewire . | . . . . Trap . | . . . . Miscellaneous . | . . . . Route ------- -11/Junkyard -10/Materials -9/Materials -8/Materials History --------- Turn | Location | Event 3 | -11/Junkyard | Discovered new exit (range 15) 37 | -11/Junkyard | Entered Materials 159 | -10/Materials | Lost 3 parts (1n2w) 224 | -10/Materials | Discovered new exit (range 12) 326 | -10/Materials | Build established: Mutant 331 | -10/Materials | Entered another Materials area 331 | -9/Materials | Evolved 2 slots: Propulsion x2 593 | -9/Materials | Discovered new exit (range 8) 602 | -9/Materials | Entered another Materials area 602 | -8/Materials | Evolved 2 slots: Power x1, Propulsion x1 757 | -8/Materials | Destroyed 7 combat bots 845 | -8/Materials | Core integrity fell below 50% 855 | -8/Materials | Core integrity fell below 20% 868 | -8/Materials | Destroyed 9 combat bots 874 | -8/Materials | Destroyed by L-31 Rogue with Katana Last Messages --------------- 00864_ U-05 Engineer lays Concrete. 00865_ The unstable cave ceiling collapses. 00865_ U-05 Engineer lays Concrete. 00866_ K-01 Serf collects debris. 00866_ U-05 Engineer lays Concrete. 00867_ R-06 Scavenger destroyed. 00867_ U-05 Engineer lays Concrete. 00868_ The unstable cave ceiling collapses. 00868_ M-28 Smith repairs H-61 Shepherd. 00868_ U-05 Engineer lays Concrete. 00869_ The unstable cave ceiling collapses. 00869_ K-01 Serf collects debris. 00869_ U-05 Engineer lays Concrete. 00870_ Lgt. Ion Engine destroyed. 00871_ Penetrated by Slug. 00871_ Ion Cannon destroyed. 00871_ Knocked back. 00872_ U-05 Engineer lays Concrete. 00872_ K-01 Serf collects debris. 00873_ U-05 Engineer lays Concrete. Map ----- +----------------------------------------------------+ | [""""" #??#! #??????????????????????? | | = """" #??# #??????????????????????? | | %% = #??# ##########?????????????? | | +#######??? ?# #?????????????? | | %%*##########+####! ! """ #?????????????? | | !% # """ #?????????????? | | + [ """ #?????????????? | | # #?????????????? | | ##########+#### """ #?????????????? | | ####???#] ##! """ # ???????????? | | ???????# ## """ # +??????????? | | ???????# ## # #??????????? | | ???????# ###+####### ##?????????? | | ??????########### ##### ###???????? | | ??? ??????? | | ??????# ^ ??????? | | ??????########### ### ###??#????? | | ????????????????## %# #??? ?????? | | ?????????????????# %# ### ??????? | | ?????????????#####=*+ u ???????? | | ????????# t "#*! u ###????????? | | ????????# m%#%=k #????????? | | ????????# ##+####u== ##????????? | | ????????##???# ???# =%" #????????? | | ?????????????# ?????# "g%=! ##?????????? | | ?????????????#??????# "%@ % ##?????????? | | ????????????????????# Hl!% #??????????? | | ????????????????????##########??????????? | | ????????????????????????????????????????? | | ????????????????????????????????????????? | | ????????????????????????????????????????? | | ????????????????????????????????????????? | | ????????????????????????????????????????? | | ????????????????????????????????????????? | | ????????????????????????????????????????? | | ????????????????????????????????????????? | | ????????????????????????????????????????? | | ????????????????????????????????????????? | | ????????????????????????????????????????? | | ????????????????????????????????????????? | | ????????????????????????????????????????? | | ????????????????????????????????????????? | | ????????????????????????????????????????? | | ????????????????????????????????????????? | | ????????????????????????????????????????? | | ????????????????????????????????????????? | | ????????????????????????????????????????? | | ????????????????????????????????????????? | | ????????????????????????????????????????? | | ????????????????????????????????????????? | +----------------------------------------------------+ Best States ------------- Heat Dissipation 31 Energy Generation 14 Energy Capacity 250 Matter Stores 300 Matter Capacity 300 Sight Range 16 Terrain Scan Density 10 Evasion (%) 64 Offensive Hacking 10 Item Schematics ----------------- None Robot Schematics ------------------ None Fabricated ------------ Nothing Alien Tech Used ----------------- None Achievements -------------- None Challenges ------------ None Game ------ Seed ShrapnelRemoteJammer Manual? 0 Play Time 00:20:15 Cumulative 8.5 hours Start 2023.03.17 @ 14:04:52 End 2023.03.17 @ 14:35:40 Sessions 1 Manual Loads 0 Difficulty Rogue Special Mode None Game No. 22 Rogue 22 Adventurer 0 Explorer 0 Win Type - Total 0 Types 0/0/0/0/0/0/0/0/0 Lore% 13 Gallery% 17 Achievement% 13 Wizard Run 0 Options --------- ASCII 0 Keyboard 0 Movement Mouse Keybinds 0 Fullscreen 1 Font 24/Smallcaps Map View 64x52 Tactical HUD 1 Map Filters NONE Filters NONE Steam 1 RUN: eed21a07-411a-4877-9023-3a1dc35c8c2d